AoeStats
← Zumoshi

Arabia

509607738Analyzed
1v1 RM · 6d ago on Sep 27, 2026· 72m 56s· 2 players
Game mode
Random Map
Map size
Tiny (2 player)
Population
200
Speed
Normal
Resources
Standard
Victory
Conquest
Starting age
Dark Age
Ending age
Imperial Age
RankedLock teamsTeams togetherTeam positionsShared explorationLock speedFull tech treeHidden civsTurbo modeCheats
Victory
Defeat
🇦🇷 Lithuanians · Argentina
1154
+17
🇮🇱 Maya · Israel
1176
-17
Weldyn
6:35 Loom
12:18 Feudal Age
16:13 Man-at-Arms
20:59 Castle Age
19:42 Fletching
21:19 Padded Archer Armor
21:08 Crossbowman
22:06 Bodkin Arrow
22:45 Double-Bit Axe
22:42 Horse Collar
23:54 Bloodlines
24:20 Gold Mining
26:11 Scale Barding Armor
29:23 Chain Barding Armor
30:39 Forging
33:11 Iron Casting
34:13 Husbandry
36:35 Devotion
38:11 Thumb Ring
40:02 Town Watch
40:23 Padded Archer Armor
41:20 Wheelbarrow
41:25 Stone Mining
41:46 Bow Saw
41:37 Heavy Plow
43:23 Stone Shaft Mining
44:27 Hand Cart
44:38 Elite Skirmisher
45:35 Leather Archer Armor
50:03 Imperial Age
49:03 Ballistics
48:36 Light Cavalry
51:35 Plate Barding Armor
52:05 Chemistry
50:31 Cavalier
51:19 Tower Shields
51:41 Conscription
51:25 Bracer
52:46 Ring Archer Armor
52:50 Masonry
52:03 Paladin
55:12 Architecture
55:01 Fortified Wall
57:55 Winged Hussar
67:09 Bombard Tower
66:45 Murder Holes
69:34 Herbal Medicine
71:28 Guilds
Zumoshi
0:29 Loom
10:22 Feudal Age
10:47 Double-Bit Axe
16:30 Fletching
16:41 Scale Mail Armor
18:09 Horse Collar
19:15 Forging
23:41 Castle Age
23:19 Padded Archer Armor
23:55 Eagle Warrior
24:38 Squires
25:53 Chain Mail Armor
26:58 Gold Mining
27:31 Horse Collar
28:11 Bow Saw
27:58 Pikeman
31:06 Iron Casting
31:46 Pikeman
38:52 Fervor
40:20 Wheelbarrow
40:21 Bodkin Arrow
43:26 Leather Archer Armor
47:44 Imperial Age
45:43 Ballistics
47:03 Hand Cart
49:07 Conscription
49:04 Hul'che Javelineers
51:02 Theocracy
50:45 Block Printing
50:42 Elite Skirmisher
51:28 Thumb Ring
52:27 Chemistry
51:22 Murder Holes
52:28 Bracer
53:00 Ring Archer Armor
52:04 Halberdier
52:29 Arson
53:22 Plate Mail Armor
55:36 Two-Man Saw
56:22 Elite Plumed Archer
66:12 Blast Furnace
Connection lost

Rejoining the realm…

Still unreachable

The connection could not be restored.

Session expired

The server has moved on; the page needs a fresh start.